Unix NetHack Version 5.0.0-0 post-release - last build May 31 2026 23:59:36 (970b52f25bf058293b47ddfd14a1e40e571c508c,branch:main).

Game began 2026-06-06 11:57:52, ended 2026-06-06 12:31:05.

Jobair, lawful female dwarven Archeologist

                         ---------------------------------
                         |.....[.........................|
                         |.{.....---------|-----....----.|
                         |.......|  |...|..|/..|....|  |.|
                         |.......+  |...|..|!!.+.---|  |.|
                         |.-----.---|...|--|!%.|.|..|  |.|
                         |.|...|a...---||  |----%|..|-+-.|
                         |.|.f.m@.......|  |..|..-.--....|#
                         |.-----..-----.-+-|..-..........-####
                         |........|...-....|----.-.--..{.|#  ####
                         ...--|--.|...|....|...|.|..|....|      ##
               ....-     |..|...|.--------.|...|.|..|-|-.|       #
            |....        |..|(((|..|..|..|.|._.|.|..|..|.|       ###  ----+---
            |            |..|(((|..|..|..-.-...|.---|..|.|         ###......<|
                         +..-----..--|----.-----....----.|            |......|
                         |...............................|            |......|
                         ---------------------------------            --------

Jobair the Field Worker    St:13 Dx:9 Co:18 In:12 Wi:15 Ch:10  Lawful
Dlvl:8  $:98 HP:0(42) Pw:13(13) AC:6  Xp:4 T:3915  Weak    

Latest messages:
 You see here a blessed dart.
 s - a blessed dart (at the ready) (6 in total).
 You see here a blessed dart.
 s - a blessed dart (at the ready) (7 in total).
 You lash the giant ant.
 The giant ant bites!
 The giant ant bites!
 You miss the giant ant.
 The giant ant misses!
 You lash the giant ant!
 The giant ant bites!
 You lash the giant ant.
 The giant ant bites!
 The giant ant bites!
 You miss the giant ant.
 The giant ant bites!
 You lash the giant ant.
 The giant ant bites!
 The giant ant bites!
 You kill the giant ant!
 You hear someone cursing shoplifters.
 You are beginning to feel weak.
 The sewer rat bites!
 The wood nymph appears close by!
 You kill the sewer rat!
 You see here a sewer rat corpse.
 You swap places with the peaceful watchman.
 You hear an animal carcass being offered in sacrifice.
 The giant ant bites!
 The giant ant bites!
 That closed door actually is a giant mimic!
 The giant ant bites!
 You cannot escape from the giant mimic!
 The giant ant misses!
 The giant ant bites!
 You cannot escape from the giant mimic!
 The giant mimic hits!
 The giant mimic hits again!
 The giant ant bites!
 You cannot escape from the giant mimic!
 The giant ant bites!
 The giant ant bites!
 You cannot escape from the giant mimic!
 The giant ant bites!
 You die...
 Do you want your possessions identified? [ynq] (y) y
 Do you want to see your attributes? [ynq] (y) y
 Do you want an account of creatures vanquished? [ynaq] (y) y
 Do you want to see your conduct and achievements? [ynq] (y) y
 Do you want to see the dungeon overview? [ynq] (y) y

Inventory:
 Coins    ('$')
  $ - 98 gold pieces
 Weapons  (')')
  s - 7 blessed +1 darts (at the ready)
  C - 5 +0 daggers
  U - a cursed -2 dagger
  l - a +0 orcish dagger
  a - a +2 bullwhip (weapon in right hand)
 Armor    ('[')
  q - an uncursed +0 pair of leather gloves (being worn)
  V - a blessed +0 pair of iron shoes (being worn)
  Z - an uncursed +0 small shield
  X - a cursed -1 dwarvish cloak
  h - an uncursed +0 leather jacket (being worn)
 Scrolls  ('?')
  r - an uncursed scroll of amnesia
  F - an uncursed scroll of destroy armor
  I - an uncursed scroll of light
  p - a cursed scroll of punishment
 Potions  ('!')
  j - an uncursed potion of blindness
  v - a cursed potion of fruit juice
  B - an uncursed potion of see invisible
  n - an uncursed potion of water
 Wands    ('/')
  E - a wand of enlightenment (0:11)
 Tools    ('(')
  b - an uncursed sack containing 1 item
  W - an uncursed lock pick
  i - an uncursed oil lamp
  J - an uncursed tin whistle
  f - a tinning kit (0:79)
 Gems/Stones  ('*')
  N - an uncursed worthless piece of blue glass
  S - an uncursed worthless piece of orange glass
  R - an uncursed worthless piece of red glass
  T - an uncursed worthless piece of violet glass
  Q - an uncursed worthless piece of yellow glass
  G - an uncursed luckstone
  g - an uncursed touchstone

Contents of the sack:
  a +0 pick-axe

Jobair the Archeologist's attributes:

Background:
 You were a Field Worker, a level 4 female dwarven Archeologist.
 You were lawful, on a mission for Quetzalcoatl
 who was opposed by Camaxtli (neutral) and Huhetotl (chaotic).
 You were right-handed.
 You were in the Gnomish Mines, on level 8.
 You entered the dungeon 3915 turns ago.
 You had 154 experience points, 6 more were needed to attain level 5.

Basics:
 You had 0 out of 42 hit points.
 You had all 13 energy points (spell power).
 Your armor class was 6.
 Your wallet contained 98 zorkmids.
 Autopickup was off.

Final Characteristics:
 Your strength was 13 (base:14, limit:18/100).
 Your dexterity was 9 (limit:20).
 Your constitution was 18 (limit:20).
 Your intelligence was 12 (limit:16).
 Your wisdom was 15 (limit:16).
 Your charisma was 10 (limit:16).

Final Status:
 You were held by a giant mimic (west).
 You were weak from severe hunger.
 You were unencumbered.
 You were wielding a whip.
 You were skilled in whip.

Final Attributes:
 You were piously aligned.
 You were telepathic.
 You had automatic searching.
 You had infravision.
 You were lucky.
 You had extra luck.
 Bad luck did not time out for you.
 Good luck did not time out for you.
 You are dead.

Miscellaneous:
 You didn't encounter any bones levels.
 Total elapsed playing time was 33 minutes.

Major events:
 Turn
    1: Jobair the lawful female dwarven Archeologist entered the dungeon
 1304: attained the rank of Field Worker (level 3)
 2716: entered the Gnomish Mines
 3531: reached Mine Town
 3915: killed by a giant ant

You didn't know any spells.

Skills:
 Fighting Skills
   bare handed combat [Unskilled]
   two weapon combat  [Unskilled]
   riding             [Unskilled]
 Weapon Skills
   dagger             [Unskilled]
   knife              [Unskilled]
   pick-axe           [Basic]
   short sword        [Unskilled]
   saber              [Unskilled]
   club               [Unskilled]
   quarterstaff       [Unskilled]
   sling              [Unskilled]
   dart               [Unskilled]
   boomerang          [Unskilled]
   whip               [Skilled]
   unicorn horn       [Unskilled]
 Spellcasting Skills
   attack spells      [Unskilled]
   healing spells     [Unskilled]
   divination spells  [Unskilled]
   matter spells      [Unskilled]

Voluntary challenges:
 Character rerolling was not enabled.
 You never genocided any monsters.
 You never polymorphed an object.
 You used no wishes.
Achievements:
 You entered a shop.
 You attained the rank of Field Worker.
 You entered the Gnomish Mines.
 You entered Minetown.
 You entered a temple.

 The Dungeons of Doom: levels 1 to 5
    Level 1:
       Many fountains, a sink.
    Level 2:
       Some fountains, a sink.
    Level 3:
       A scroll shop, an altar to Quetzalcoatl, a fountain.
    Level 4:
       Stairs down to The Gnomish Mines.
    Level 5:
 The Gnomish Mines: levels 5 to 8
    Level 5:
    Level 6:
    Level 7:
    Level 8: <- You were here.
       Many shops, a temple and an altar, some fountains.
       Final resting place for
          you, killed by a giant ant.


Vanquished creatures:
  a small mimic
  a watchman
  a yellow light
  5 gnome leaders
  a gnomish wizard
  3 giant ants
  a little dog
  a floating eye
  3 dwarves
  a homunculus
 an orc zombie
  a wererat
  a werejackal
 an iguana
  2 acid blobs
  4 coyotes
  a hobbit
  a manes
  3 giant rats
  2 cave spiders
  a yellow mold
 10 gnomes
  2 garter snakes
  a gnome zombie
  6 geckos
  2 jackals
  2 foxes
  a kobold
  2 goblins
  3 sewer rats
  8 grid bugs
  2 lichens
  4 kobold zombies
  5 newts
84 creatures vanquished.

No species were genocided or became extinct.

Game over:
                       ----------
                      /          \
                     /    REST    \
                    /      IN      \
                   /     PEACE      \
                  /                  \
                  |      Jobair      |
                  |      98 Au       |
                  |   killed by a    |
                  |    giant ant     |
                  |                  |
                  |                  |
                  |       2026       |
                 *|     *  *  *      | *
        _________)/\\_//(\/(/\)/\//\/|_)_______

Goodbye Jobair the Archeologist...

You died in The Gnomish Mines on dungeon level 8 with 1065 points,
and 98 pieces of gold, after 3915 moves.
You were level 4 with a maximum of 42 hit points when you died.

